 Dungeon Crawl Stone Soup version 0.27-a0-604-g29a88b33a7 (webtiles) character file.

Game seed: 11891500324911266278

29 Lanoc the Skirmisher (level 3, -1/32 HPs)
             Began as a Palentonga Brigand on Mar 13, 2021.
             Slain by a gnoll
             ... wielding a +1 whip of flaming
              (13 damage)
             ... on level 2 of the Dungeon.
             The game lasted 00:01:01 (899 turns).

Lanoc the Skirmisher (Palentonga Brigand)            Turns: 899, Time: 00:01:02

Health: -1/32      AC:  5    Str: 14    XL:     3   Next: 1%
Magic:  3/3        EV: 10    Int: 11    God:
Gold:   87         SH:  0    Dex: 12    Spells: 2/2 levels left

rFire    . . .     SeeInvis +   a - +2 dagger
rCold    . . .     Faith    .   (no shield)
rNeg     . . .     Spirit   .   b - +0 robe
rPois    .         Reflect  .   (no helmet)
rElec    .         Harm     .   c - +0 cloak
rCorr    .         Rampage  .   (no gloves)
Will     .....                  (no barding)
Stlth    ++........             (no amulet)
HPRegen  0.10/turn              (no ring)
MPRegen  0.08/turn              (no ring)

@: no status effects
A: large, rugged brown scales 3, see invisible, deformed body, roll 1, armoured
tail
a: Rolling Charge


You were on level 2 of the Dungeon.
You visited 1 branch of the dungeon, and saw 2 of its levels.

You collected 87 gold pieces.

Inventory:

Hand Weapons
 a - a +2 dagger (weapon)
Missiles
 d - 10 poisoned darts (quivered)
 e - 2 curare-tipped darts
Armour
 b - a +0 robe (worn)
 c - a +0 cloak (worn)
Scrolls
 f - 2 scrolls of enchant weapon {unknown}
 i - a scroll of noise {unknown}
 j - a scroll of enchant armour {unknown}
Potions
 g - a potion of degeneration {unknown}
 h - 4 potions of curing {unknown}


   Skills:
 + Level 2.8 Fighting
 - Level 2.0 Short Blades
 - Level 1.3 Throwing
 + Level 1.7 Dodging
 - Level 2.6 Stealth


You had 2 spell levels left.
You didn't know any spells.
Your spell library was empty.

Dungeon Overview and Level Annotations

Branches:
Dungeon (2/15)

Altars:


Innate Abilities, Weirdness & Mutations

You are completely covered in rugged brown scales. (AC +3, +7% HP)
You have supernaturally acute eyesight. (SInv)
Armour fits poorly on your strangely shaped body.
You can roll at nearby foes to attack.
You have a long armoured tail.


Message History

You puncture the rat!
You kill the rat!
No target in view!
You see here a rat corpse.
A gnoll comes into view. It is wielding a +0 halberd.
A gnoll comes into view. It is wielding a +1 whip of flaming.
The gnoll shouts!
You hear a shout!
A gnoll comes into view. It is wielding a +0 spear.
A gnoll comes into view. It is wielding a +0 club.
The gnoll shouts!
You hear a shout!
Roll where?
Press: ? - help, Dir - move target, f - gnoll
Aim: a gnoll, wielding a +0 spear You roll forward with a clatter of scales!
You hit the gnoll. You tail-slap the gnoll!
You kill the gnoll!
A goblin comes into view. It is wielding a +0 dagger.
You have reached level 3!
Your experience leads to an increase in your attributes!
Increase (S)trength, (I)ntelligence, or (D)exterity?
You feel agile.
You barely miss the gnoll.
The gnoll hits you with a +1 whip of flaming!
The gnoll burns you.
You barely miss the gnoll.
The gnoll hits you from afar with a +0 halberd!
The gnoll barely misses you.
You are too injured to fight recklessly!
Throw: 12 darts (poison)
Press: ? - help, Q - select action, (/) - cycle Shift-Dir - straight line, f - gnoll
Aim: a gnoll, wielding a +1 whip of flaming (61% to hit)
You throw a poisoned dart. The poisoned dart hits the gnoll.
Throw: 11 darts (poison)
Press: ? - help, Q - select action, (/) - cycle Shift-Dir - straight line, f/p - gnoll
Aim: a gnoll, wielding a +1 whip of flaming (61% to hit)
You throw a poisoned dart.
The poisoned dart closely misses the gnoll.
The poisoned dart hits the goblin.
The goblin is poisoned.
The gnoll hits you with a +1 whip of flaming!
You die... #.........## +.........' ......... ....... ..... gg.

#g# #g# #@#
##.## ####...##
#.......#
#.##....#######.
# #.............
....#.#.########
#.###.#.#
#.......#


You could see 3 gnolls and a goblin (poisoned).

Vanquished Creatures
  A gnoll (D:2)
  A worm (D:2)
  2 goblins (D:1)
  3 hobgoblins (D:1)
  A jackal (D:1)
  A kobold (D:1)
  A ball python (D:1)
  A bat (D:1)
  4 frilled lizards
  2 rats
17 creatures vanquished.

Notes
Turn   | Place    | Note
-------+----------+-------------------------------------------
     0 | D:1      | Lanoc the Palentonga Brigand began the quest for the Orb.
     0 | D:1      | Reached XP level 1. HP: 18/18 MP: 1/1
    19 | D:1      | Reached skill level 1 in Dodging
   137 | D:1      | Reached XP level 2. HP: 24/26 MP: 2/2
   895 | D:2      | Reached XP level 3. HP: 32/32 MP: 3/3
   899 | D:2      | Slain by a gnoll

Illustrated notes

Levels and vault maps discovered:
D:1:      dpeg_arrival_arbitrary_c, layout_basic, minmay_ruptured
D:2:      layout_loops_corners

Skill      XL: |  1 |
---------------+----+-----
Dodging        | 1 |  1.7
Fighting       | |  2.8
Short Blades   | |  2.0
Throwing       | |  1.3
Stealth        | |  2.6

Action                   || total
-------------------------++-------
Melee: Dagger            ||    48
       Tailslap          ||     3
Throw: Dart              ||     2
 Abil: Rolling Charge    ||     1
 Stab: Sleeping          ||     1
Armor: Robe              ||    10
Dodge: Dodged            ||    12

Table legend: (Time is in decaauts)
 A = Elapsed time spent in this place.
 B = Non-inter-level travel time spent in this place.
 C = Inter-level travel time spent in this place.
 D = Time resting spent in this place.
 E = Time spent auto-exploring this place.
 F = Levels seen in this place.
 G = Mean time per level.
                   A        B        C        D        E       F      G
               +--------+--------+--------+--------+--------+-----+--------+
         Total |    894 |    868 |     26 |      0 |    761 |   2 |  447.0 |
       Dungeon |    894 |    868 |     26 |      0 |    761 |   2 |  447.0 |
               +--------+--------+--------+--------+--------+-----+--------+

Top non-repeatable levels by time:
     D:1: 505 daAuts
     D:2: 388 daAuts
